MLB
PITTSBURGH PIRATES @ CINCINNATI REDS
09/02/2046
 
TOP OF THE 1ST
Pittsburgh Pirates batting - Pitching for Cincinnati Reds : RHP Bryce Schimmoeller
Pitching: RHP Bryce Schimmoeller
Batting: RHB Andrew Robinson 0-0: Ball
1-0: Ball
2-0: Foul Ball, location: 2F
2-1: Ball
3-1: SINGLE (Groundball, 56D, EV 95.6 MPH)
Batting: LHB Pat Sutton 0-0: Ball
1-0: Swinging Strike
1-1: Called Strike
1-2: SINGLE (Line Drive, 4M, EV 98.8 MPH)
Andrew Robinson to second
Batting: SHB Marvin McAleer 0-0: Ball
1-0: SINGLE (Groundball, 34D, EV 97.5 MPH)
Andrew Robinson to third
Pat Sutton to second
Batting: RHB David Contreras 0-0: Swinging Strike
0-1: Ball
1-1: Ball
2-1: Foul Ball, location: 2F
2-2: Foul Ball, location: 2F
2-2: Hit by Pitch
Andrew Robinson scores
Pat Sutton to third
Marvin McAleer to second
Batting: LHB Marc Carter 0-0: Ball
1-0: Foul Ball, location: 2F
1-1: Ball
2-1: Fly out, F4 (Popup, 4MS, EV 69.4 MPH)
Batting: SHB Brad Day 0-0: Ball
1-0: Fielders Choice at 2nd, 3-6 (Groundball, 3S, EV 84.4 MPH)
Pat Sutton scores
Marvin McAleer to third
Batting: RHB Mike Bates 0-0: Ball
1-0: Foul Ball, location: 2F
1-1: Ball
2-1: Foul Ball, location: 2F
2-2: Strikes out looking
Top of the 1st over - 2 runs, 3 hits, 0 errors, 2 left on base; Pittsburgh 2 - Cincinnati 0
BOTTOM OF THE 1ST
Cincinnati Reds batting - Pitching for Pittsburgh Pirates : LHP Sam Richardson
Pitching: LHP Sam Richardson
Batting: RHB Willie Lazcano 0-0: Called Strike
0-1: Ball
1-1: Swinging Strike
1-2: Ball
2-2: Ball
3-2: Foul Ball, location: 2F
3-2: Strikes out looking
Batting: RHB Joseph Kirchmann 0-0: Called Strike
0-1: Swinging Strike
0-2: Ball
1-2: Foul Ball, location: 2F
1-2: Ball
2-2: SINGLE (Line Drive, 78S, EV 109.4 MPH)
Batting: LHB Chris Grunwald 0-0: Fly out, F9 (Flyball, 89D, EV 101.9 MPH)
Batting: SHB Dave Barefoot 0-0: Called Strike
Joseph Kirchmann steals 2nd base
0-1: Called Strike
0-2: Foul Ball, location: 2F
0-2: Strikes out swinging
Bottom of the 1st over - 0 runs, 1 hit, 0 errors, 1 left on base; Pittsburgh 2 - Cincinnati 0
TOP OF THE 2ND
Pittsburgh Pirates batting - Pitching for Cincinnati Reds : RHP Bryce Schimmoeller
Batting: RHB Bubba Tierney 0-0: Ball
1-0: Ball
2-0: Swinging Strike
2-1: Swinging Strike
2-2: Ball
3-2: Strikes out swinging
Batting: RHB Luis Ramos 0-0: Ball
1-0: Foul Ball, location: 2F
1-1: Fly out, F9 (Flyball, 9, EV 80.0 MPH)
Batting: RHB Andrew Robinson 0-0: Foul Ball, location: 2F
0-1: Fly out, F8 (Flyball, 8RM, EV 91.2 MPH)
Top of the 2nd over - 0 runs, 0 hits, 0 errors, 0 left on base; Pittsburgh 2 - Cincinnati 0
BOTTOM OF THE 2ND
Cincinnati Reds batting - Pitching for Pittsburgh Pirates : LHP Sam Richardson
Batting: RHB Fred Slade 0-0: Ball
1-0: Called Strike
1-1: Ball
2-1: Ball
3-1: Swinging Strike
3-2: Strikes out swinging
Batting: SHB Saulo Maina 0-0: Ground out 4-3 (Groundball, 34, EV 102.5 MPH)
Batting: LHB Jon Ledesma 0-0: Ball
1-0: Foul Ball, location: 2F
1-1: Foul Ball, location: 2F
1-2: Strikes out swinging
Bottom of the 2nd over - 0 runs, 0 hits, 0 errors, 0 left on base; Pittsburgh 2 - Cincinnati 0
TOP OF THE 3RD
Pittsburgh Pirates batting - Pitching for Cincinnati Reds : RHP Bryce Schimmoeller
Batting: LHB Pat Sutton 0-0: Ball
1-0: Called Strike
1-1: Ball
2-1: Foul Ball, location: 2F
2-2: Strikes out looking
Batting: SHB Marvin McAleer 0-0: Ball
1-0: SINGLE (Line Drive, 7LS, EV 104.4 MPH)
Batting: RHB David Contreras 0-0: Foul Ball, location: 2F
0-1: Fly out, F8 (Flyball, 8LD, EV 96.2 MPH)
Batting: LHB Marc Carter 0-0: Ball
1-0: Swinging Strike
1-1: Called Strike
1-2: Strikes out swinging
Top of the 3rd over - 0 runs, 1 hit, 0 errors, 1 left on base; Pittsburgh 2 - Cincinnati 0
BOTTOM OF THE 3RD
Cincinnati Reds batting - Pitching for Pittsburgh Pirates : LHP Sam Richardson
Batting: RHB Omar Quintana 0-0: Ball
1-0: Fly out, F8 (Line Drive, 8RM, EV 84.4 MPH)
Batting: LHB Antonio Figueroa 0-0: Ground out 4-3 (Groundball, 4M, EV 109.4 MPH)
Batting: RHB Willie Lazcano 0-0: Ball
1-0: Called Strike
1-1: Ball
2-1: SINGLE (Line Drive, 8LS, EV 103.8 MPH)
Batting: RHB Joseph Kirchmann 0-0: Called Strike
0-1: Swinging Strike
0-2: Strikes out swinging
Bottom of the 3rd over - 0 runs, 1 hit, 0 errors, 1 left on base; Pittsburgh 2 - Cincinnati 0
TOP OF THE 4TH
Pittsburgh Pirates batting - Pitching for Cincinnati Reds : RHP Bryce Schimmoeller
Batting: SHB Brad Day 0-0: Swinging Strike
0-1: Ball
1-1: SINGLE (Groundball, 6MD, EV 101.2 MPH)
Batting: RHB Mike Bates 0-0: Ball
1-0: Swinging Strike
1-1: Ball
2-1: Ball
3-1: Base on Balls
Brad Day to second
Batting: RHB Bubba Tierney 0-0: Called Strike
0-1: Swinging Strike
0-2: Fly out, F9 (Flyball, 9S, EV 90.0 MPH)
Batting: RHB Luis Ramos 0-0: Called Strike
0-1: Swinging Strike
0-2: Ball
1-2: Strikes out looking
Batting: RHB Andrew Robinson 0-0: Ball
1-0: Fly out, F8 (Flyball, 78M, EV 85.0 MPH)
Top of the 4th over - 0 runs, 1 hit, 0 errors, 2 left on base; Pittsburgh 2 - Cincinnati 0
BOTTOM OF THE 4TH
Cincinnati Reds batting - Pitching for Pittsburgh Pirates : LHP Sam Richardson
Batting: LHB Chris Grunwald 0-0: Ground out 4-3 (Groundball, 4, EV 96.9 MPH)
Batting: SHB Dave Barefoot 0-0: Foul Ball, location: 2F
0-1: Ground out 6-3 (Groundball, 6, EV 83.8 MPH)
Batting: RHB Fred Slade 0-0: Called Strike
0-1: Foul Ball, location: 2F
0-2: Ball
1-2: Foul Ball, location: 2F
1-2: Foul Ball, location: 2F
1-2: Foul Ball, location: 2F
1-2: Ground out 6-3 (Groundball, 6, EV 86.9 MPH)
Bottom of the 4th over - 0 runs, 0 hits, 0 errors, 0 left on base; Pittsburgh 2 - Cincinnati 0
TOP OF THE 5TH
Pittsburgh Pirates batting - Pitching for Cincinnati Reds : RHP Bryce Schimmoeller
Batting: LHB Pat Sutton 0-0: Ball
1-0: Called Strike
1-1: Foul Ball, location: 2F
1-2: Ball
2-2: SOLO HOME RUN (Flyball, 9LD, EV 94.4 MPH), Distance : 337 ft
Batting: SHB Marvin McAleer 0-0: Called Strike
0-1: Ball
1-1: Swinging Strike
1-2: Hit by Pitch
Batting: RHB David Contreras 0-0: Called Strike
0-1: Ball
1-1: Foul Ball, location: 2F
1-2: Foul Ball, location: 2F
1-2: DOUBLE (Line Drive, 89D, EV 98.8 MPH)
Marvin McAleer to third
Batting: LHB Marc Carter 0-0: Called Strike
0-1: Ball
1-1: Ball
2-1: Ball
3-1: Base on Balls
Batting: SHB Brad Day 0-0: DOUBLE (Line Drive, 5D, EV 103.1 MPH)
Marvin McAleer scores
David Contreras scores
Marc Carter to third
Runner from 3rd tries for Home, SAFE, throw by LF to home
Pitching: RHP Sam Alexander
Batting: RHB Mike Bates 0-0: Called Strike
0-1: Ball
1-1: Swinging Strike
1-2: Ball
2-2: Ball
3-2: Ground out 6-3 (Groundball, 6, EV 85.0 MPH)
Brad Day to third
Batting: RHB Bubba Tierney 0-0: Ball
1-0: Swinging Strike
1-1: Ball
2-1: Ball
3-1: Ground out 5-3 (Groundball, 15, EV 83.8 MPH)
Brad Day scores
Batting: RHB Luis Ramos 0-0: Called Strike
0-1: Ball
1-1: SINGLE (Line Drive, 78S, EV 105.0 MPH)
Batting: RHB Andrew Robinson 0-0: Ball
1-0: Swinging Strike
1-1: Ball
2-1: Ball
3-1: Ground out 4-3 (Groundball, 4, EV 81.2 MPH)
Top of the 5th over - 5 runs, 4 hits, 0 errors, 1 left on base; Pittsburgh 7 - Cincinnati 0
BOTTOM OF THE 5TH
Cincinnati Reds batting - Pitching for Pittsburgh Pirates : LHP Sam Richardson
Batting: SHB Saulo Maina 0-0: Called Strike
0-1: Ball
1-1: Foul Ball, location: 2F
1-2: Ball
2-2: Strikes out swinging
Batting: LHB Jon Ledesma 0-0: Ball
1-0: Ball
2-0: Ball
3-0: Called Strike
3-1: Swinging Strike
3-2: Ground out 6-3 (Groundball, 4MD, EV 102.5 MPH)
Batting: RHB Omar Quintana 0-0: Foul Ball, location: 2F
0-1: Swinging Strike
0-2: Foul Ball, location: 2F
0-2: Ball
1-2: Strikes out swinging
Bottom of the 5th over - 0 runs, 0 hits, 0 errors, 0 left on base; Pittsburgh 7 - Cincinnati 0
TOP OF THE 6TH
Pittsburgh Pirates batting - Pitching for Cincinnati Reds : RHP Sam Alexander
Batting: LHB Pat Sutton 0-0: Called Strike
0-1: Swinging Strike
0-2: Ball
1-2: Foul Ball, location: 2F
1-2: Ball
2-2: Ball
3-2: Ground out 4-3 (Groundball, 34, EV 100.6 MPH)
Batting: SHB Marvin McAleer 0-0: Ball
1-0: Ball
2-0: Called Strike
2-1: Ball
3-1: Foul Ball, location: 2F
3-2: Strikes out looking
Batting: RHB David Contreras 0-0: Foul Ball, location: 2F
0-1: Ball
1-1: Foul Ball, location: 2F
1-2: Foul Ball, location: 2F
1-2: Ball
2-2: DOUBLE (Line Drive, 9LS, EV 112.5 MPH)
Batting: LHB Marc Carter 0-0: Foul Ball, location: 2F
0-1: Fly out, F8 (Flyball, 8LD, EV 104.4 MPH)
Top of the 6th over - 0 runs, 1 hit, 0 errors, 1 left on base; Pittsburgh 7 - Cincinnati 0
BOTTOM OF THE 6TH
Cincinnati Reds batting - Pitching for Pittsburgh Pirates : LHP Sam Richardson
Batting: LHB Antonio Figueroa 0-0: Called Strike
0-1: Fly out, F8 (Flyball, 78D, EV 96.9 MPH)
Batting: RHB Willie Lazcano 0-0: SINGLE (Groundball, 6MD, EV 103.1 MPH)
Batting: RHB Joseph Kirchmann 0-0: Ball
1-0: Called Strike
1-1: Called Strike
1-2: Ball
2-2: Ball
3-2: Base on Balls
Willie Lazcano to second
Batting: LHB Chris Grunwald 0-0: Called Strike
Willie Lazcano steals 3rd base
Joseph Kirchmann to second
0-1: Ball
1-1: Ball
2-1: Ball
3-1: DOUBLE (Flyball, 89XD, EV 108.8 MPH)
Willie Lazcano scores
Joseph Kirchmann scores
Batting: SHB Dave Barefoot 0-0: Ball
1-0: Ground out 3-1 (Groundball, 34, EV 105.0 MPH)
Chris Grunwald to third
Batting: RHB Fred Slade 0-0: Ball
1-0: Foul Ball, location: 2F
1-1: Ball
2-1: Called Strike
2-2: SINGLE (Groundball, 5D, EV 95.6 MPH)
Chris Grunwald scores
Batting: SHB Saulo Maina 0-0: Ball
1-0: Ball
2-0: SINGLE (Groundball, 4MD, EV 98.8 MPH)
Fred Slade to second
Runner from 2nd tries for 3rd, SAFE, throw by CF made to third
Batting: LHB Jon Ledesma 0-0: Ball
1-0: Swinging Strike
1-1: Ball
2-1: Foul Ball, location: 2F
2-2: Ground out 4-3 (Groundball, 34, EV 85.0 MPH)
Bottom of the 6th over - 3 runs, 4 hits, 0 errors, 2 left on base; Pittsburgh 7 - Cincinnati 3
TOP OF THE 7TH
Pittsburgh Pirates batting - Pitching for Cincinnati Reds : RHP Sam Alexander
Pitching: RHP Timmy John Aaron-Lee Frank Silveira
Batting: SHB Brad Day 0-0: DOUBLE (Flyball, 78D, EV 104.4 MPH)
Batting: RHB Mike Bates 0-0: Intentional Walk
Batting: RHB Bubba Tierney 0-0: Sac Bunt to 25 - play at first, batter OUT! 5-3
Brad Day to third
Mike Bates to second
Batting: RHB Luis Ramos 0-0: Called Strike
0-1: Foul Ball, location: 2F
0-2: Strikes out swinging
Batting: RHB Andrew Robinson 0-0: Ball
1-0: Fly out, F9 (Flyball, 89S, EV 86.2 MPH)
Top of the 7th over - 0 runs, 1 hit, 0 errors, 2 left on base; Pittsburgh 7 - Cincinnati 3
BOTTOM OF THE 7TH
Cincinnati Reds batting - Pitching for Pittsburgh Pirates : LHP Sam Richardson
Batting: RHB Omar Quintana 0-0: Foul Ball, location: 2F
0-1: Ball
1-1: Foul Ball, location: 2F
1-2: Foul Ball, location: 2F
1-2: SINGLE (Flyball, 9LS, EV 93.1 MPH)
Batting: LHB Antonio Figueroa 0-0: Ball
1-0: Ball
2-0: Foul Ball, location: 2F
2-1: Ball
3-1: Grounds into double play, 6-4-3 (Groundball, 6D, EV 104.4 MPH)
Batting: RHB Willie Lazcano 0-0: Swinging Strike
0-1: Foul Ball, location: 2F
0-2: Ball
1-2: Ball
2-2: Foul Ball, location: 2F
2-2: Ball
3-2: Ground out 1-3 (Groundball, 34S, EV 67.5 MPH)
Bottom of the 7th over - 0 runs, 1 hit, 0 errors, 0 left on base; Pittsburgh 7 - Cincinnati 3
TOP OF THE 8TH
Pittsburgh Pirates batting - Pitching for Cincinnati Reds : RHP Timmy John Aaron-Lee Frank Silveira
Batting: LHB Pat Sutton 0-0: Called Strike
0-1: Called Strike
0-2: Ball
1-2: Ball
2-2: Ball
3-2: Foul Ball, location: 2F
3-2: Foul Ball, location: 2F
3-2: SINGLE (Flyball, 56D, EV 87.5 MPH)
Batting: SHB Marvin McAleer 0-0: Called Strike
0-1: Swinging Strike
0-2: Hit by Pitch
Pat Sutton to second
Batting: RHB David Contreras 0-0: Called Strike
0-1: Ball
1-1: Fly out, F9 (Flyball, 9LM, EV 88.8 MPH)
Runner from 2nd tags up, SAFE at 3rd, no throw by RF
Batting: LHB Marc Carter 0-0: Called Strike
Marvin McAleer steals 2nd base
0-1: Foul Ball, location: 2F
0-2: Ball
1-2: Foul Ball, location: 2F
1-2: Ball
2-2: Foul Ball, location: 2F
2-2: SINGLE (Groundball, 34D, EV 105.6 MPH)
Pat Sutton scores
Marvin McAleer to third
Runner from 3rd tries for Home, SAFE, throw by RF to home
Batting: SHB Brad Day 0-0: Ball
1-0: Ball
2-0: Called Strike
2-1: Fly out, F8 (Line Drive, 78M, EV 93.8 MPH)
Batting: RHB Mike Bates 0-0: Ball
1-0: Ball
2-0: Ball
3-0: Called Strike
3-1: Called Strike
3-2: Foul Ball, location: 2F
3-2: Base on Balls
Marc Carter to second
Batting: RHB Bubba Tierney 0-0: Ball
1-0: Ball
2-0: Called Strike
2-1: Ball
3-1: Base on Balls
Marc Carter to third
Mike Bates to second
Batting: RHB Luis Ramos 0-0: Called Strike
0-1: Ground out 5-3 (Groundball, 5L, EV 103.1 MPH)
Top of the 8th over - 2 runs, 2 hits, 0 errors, 3 left on base; Pittsburgh 9 - Cincinnati 3
BOTTOM OF THE 8TH
Cincinnati Reds batting - Pitching for Pittsburgh Pirates : LHP Sam Richardson
Pitching: RHP Vince Scripp
Batting: RHB Joseph Kirchmann 0-0: Called Strike
0-1: Hit by Pitch
Batting: LHB Chris Grunwald 0-0: Ball
1-0: Grounds into double play, 5-4-3 (Groundball, 6S, EV 85.0 MPH)
Batting: SHB Dave Barefoot 0-0: Ball
1-0: Ball
2-0: Ball
3-0: Base on Balls
Batting: RHB Fred Slade 0-0: Ball
1-0: Ball
2-0: Fly out, F9 (Flyball, 9, EV 81.9 MPH)
Bottom of the 8th over - 0 runs, 0 hits, 0 errors, 1 left on base; Pittsburgh 9 - Cincinnati 3
TOP OF THE 9TH
Pittsburgh Pirates batting - Pitching for Cincinnati Reds : RHP Timmy John Aaron-Lee Frank Silveira
Batting: RHB Andrew Robinson 0-0: Foul Ball, location: 2F
0-1: Ball
1-1: Foul Ball, location: 2F
1-2: Ball
2-2: Ball
3-2: SINGLE (Groundball, 56D, EV 98.1 MPH) (infield hit)
Pitching: RHP Matt Flink
Batting: LHB Pat Sutton 0-0: Called Strike
0-1: Foul Ball, location: 2F
0-2: Strikes out swinging
Batting: SHB Marvin McAleer 0-0: Foul Ball, location: 2F
0-1: Foul Ball, location: 2F
0-2: Foul Ball, location: 2F
0-2: Ball
1-2: Strikes out looking
Batting: RHB David Contreras 0-0: Called Strike
0-1: Called Strike
0-2: Ball
1-2: Ball
2-2: Strikes out swinging
Top of the 9th over - 0 runs, 1 hit, 0 errors, 1 left on base; Pittsburgh 9 - Cincinnati 3
BOTTOM OF THE 9TH
Cincinnati Reds batting - Pitching for Pittsburgh Pirates : RHP Vince Scripp
Batting: SHB Saulo Maina 0-0: Called Strike
0-1: Swinging Strike
0-2: Ball
1-2: Foul Ball, location: 2F
1-2: Strikes out swinging
Batting: LHB Jon Ledesma 0-0: Ball
1-0: DOUBLE (Groundball, 5L, EV 105.0 MPH)
Batting: RHB Omar Quintana 0-0: Foul Ball, location: 2F
0-1: Foul Ball, location: 2F
0-2: Strikes out swinging
Batting: LHB Antonio Figueroa 0-0: SINGLE (Flyball, 7S, EV 93.8 MPH)
Jon Ledesma to third
Batting: RHB Willie Lazcano 0-0: Foul Ball, location: 2F
0-1: Foul Ball, location: 2F
0-2: Foul Ball, location: 2F
0-2: Ball
1-2: Foul Ball, location: 2F
1-2: Strikes out looking
Bottom of the 9th over - 0 runs, 2 hits, 0 errors, 2 left on base; Pittsburgh 9 - Cincinnati 3
Tuesday, September 13th , 2022 - OOTP Baseball 23.7 Build 88